 Dungeon Crawl Stone Soup version 0.20.1-1-g8b1a95d (webtiles) character file.

36 thejackel the Sneak (level 3, -2/32 HPs)
             Began as a Naga Assassin on Nov 17, 2017.
             Slain by an adder (3 damage)
             ... on level 2 of the Dungeon.
             The game lasted 00:08:42 (1053 turns).

thejackel the Sneak (Naga Assassin)                 Turns: 1053, Time: 00:08:42

Health: -2/32      AC:  3    Str: 13    XL:     3   Next: 37%
Magic:  3/3        EV:  9    Int: 11    God:
Gold:   66         SH:  0    Dex: 13    Spells: 2/2 levels left

rFire    . . .     SeeInvis +   a - +2 dagger
rCold    . . .     Gourm    .   (no shield)
rNeg     . . .     Faith    .   c - +0 robe
rPois    +         Spirit   .   (no helmet)
rElec    .         Reflect  .   d - +0 cloak
rCorr    .         Harm     +   (no gloves)
MR       .....                  (no barding)
Stlth    +++.......             i - amulet of harm
Regen    0.1/turn               (no ring)
MPRegen  0.1/turn               (no ring)

@: lethally poisoned (-2 -> -7), flying, very slow
A: see invisible, deformed body, poison resistance, slowness 2, slow metabolism
1, spit poison 1, AC +1
a: Spit Poison


You were on level 2 of the Dungeon.
You were not hungry.

You visited 1 branch of the dungeon, and saw 2 of its levels.

You collected 66 gold pieces.

Inventory:

Hand Weapons
 a - a +2 dagger (weapon)
 b - a +0 blowgun
 l - a +0 club
Missiles
 e - 8 poisoned needles
 f - 2 curare-tipped needles
 h - 18 bolts
Armour
 c - a +0 robe (worn)
 d - a +0 cloak (worn)
Jewellery
 i - an amulet of harm (around neck)
 j - an uncursed ring of ice {unknown}
 m - an uncursed ring of see invisible {unknown}
Scrolls
 k - a scroll of blinking {unknown}
 n - a scroll of fog {unknown}
 p - a scroll of remove curse {unknown}
Comestibles
 g - 2 bread rations
 o - a meat ration


   Skills:
 + Level 2.1 Fighting
 + Level 2.5 Short Blades
 - Level 1.7 Throwing
 + Level 1.0 Dodging
 + Level 6.9 Stealth


You had 2 spell levels left.
You didn't know any spells.

Dungeon Overview and Level Annotations

Branches:
Dungeon (2/15)

Altars:
Fedhas


Innate Abilities, Weirdness & Mutations

You cannot wear boots.
Your serpentine skin is tough. (AC +1)
You have supernaturally acute eyesight. (SInv)
Armour fits poorly on your strangely shaped body.
Your system is resistant to poisons. (rPois)
You cover ground very slowly.
You have a slow metabolism.
You can spit poison.


Message History

The adder bites you.
You are more poisoned.
The adder poisons you!
You miss the adder.
The adder is heavily wounded.
You feel sick. The adder bites you but does no damage.
You barely miss the adder.
The adder is heavily wounded.
The adder bites you but does no damage.
You barely miss the adder.
The adder is heavily wounded.
You have got your breath back.
You feel sick. The adder bites you.
* * * LOW HITPOINT WARNING * * *
The adder bites you.
* * * LOW HITPOINT WARNING * * *
It was a potion of flight.
You feel very buoyant.
You fly up into the air.
The adder bites you.
You die...

#................#
###.###.##.........#
....###.#####......#
###.<...# #......##
# ####### #.......#
# ###.....# #
#.....# ## #.....#
.###### #.@...#
......# #.S...#
.#.##.# #.....#
##.##.# #.....#
...##.# #######
#####.# #####.#
......# ......#


You could see an adder.

Vanquished Creatures
  An adder (D:2)
  An ooze (D:2)
  A bat (D:2)
  3 giant cockroaches
  5 goblins (D:1)
  2 hobgoblins (D:1)
  2 kobolds (D:1)
  3 frilled lizards
  4 rats (D:1)
22 creatures vanquished.

Notes
Turn   | Place    | Note
-------+----------+-------------------------------------------
     0 | D:1      | thejackel the Naga Assassin began the quest for the Orb.
     0 | D:1      | Reached XP level 1. HP: 19/19 MP: 1/1
    44 | D:1      | Reached skill level 6 in Stealth
    67 | D:2      | Found a blossoming altar of Fedhas.
   140 | D:2      | Reached XP level 2. HP: 10/26 MP: 2/2
   503 | D:1      | Reached skill level 1 in Dodging
   674 | D:1      | Reached XP level 3. HP: 32/32 MP: 3/3
  1052 | D:2      | HP: 1/32 [adder (4)]
  1053 | D:2      | Slain by an adder

Skill      XL: |  1  2 |
---------------+-------+-----
Stealth        | 6 |  6.9
Dodging        | 1 |  1.0
Fighting       | |  2.1
Short Blades   | |  2.5
Throwing       | |  1.7

Action                   || total
-------------------------++-------
Melee: Dagger            ||    83
 Abil: Spit Poison       ||     4
  Use: Potion            ||     1
 Stab: Sleeping          ||     6
       Distracted        ||     1
Armor: Robe              ||    23
Dodge: Dodged            ||    46
